 Dungeon Crawl Stone Soup version 0.29-a0-25-g7f48f510a0 (webtiles) character file.

Game seed: 5873768193227072468

34 Nattfarinn the Skirmisher (level 3, 0/39 HPs)
             Began as an Ogre Necromancer on Jan 31, 2022.
             Slain by a white imp (2 damage)
             ... summoned by Natasha
             ... on level 2 of the Dungeon.
             The game lasted 00:01:59 (1641 turns).

Nattfarinn the Skirmisher (Ogre Necromancer)        Turns: 1641, Time: 00:02:00

Health: 0/39       AC:  3    Str: 12    XL:     3   Next: 31%
Magic:  6/6        EV:  9    Int: 18    God:
Gold:   2          SH:  0    Dex:  9    Spells: 4/6 levels left

rFire   . . .      SeeInvis .   d - +3 short sword (venom)
rCold   . . .      Faith    .   (no shield)
rNeg    . . .      Spirit   .   a - +0 robe
rPois   .          Reflect  .   (helmet restricted)
rElec   .          Harm     .   (no cloak)
rCorr   +          Rampage  .   (gloves unavailable)
Will    .....                   (boots unavailable)
Stlth   +.........              (no amulet)
HPRegen 0.13/turn               f - ring of resist corrosion
MPRegen 0.10/turn               (no ring)

@: slowed, very slow
A: large, unfitting armour, tough skin 1
a: no special abilities


You were on level 2 of the Dungeon.
You visited 1 branch of the dungeon, and saw 2 of its levels.

You collected 50 gold pieces.
You spent 48 gold pieces at shops.

Inventory:

Hand Weapons
 b - a +0 hand axe
 d - a +3 short sword of venom (weapon)
Armour
 a - a +0 robe (worn)
Jewellery
 f - a ring of resist corrosion (left hand)
Scrolls
 c - a scroll of blinking {unknown}
 e - a scroll of enchant weapon {unknown}
 g - a scroll of silence {unknown}
 h - a scroll of fog
 j - a scroll of amnesia {unknown}
Potions
 i - 2 potions of curing {unknown}


   Skills:
 * Level 3.8 Fighting
 - Level 1.7 Dodging
 - Level 1.4 Stealth
 - Level 2.4 Spellcasting
 - Level 3.6 Necromancy


You had 4 spell levels left.
You knew the following spells:

 Your Spells              Type           Power      Damage    Failure   Level
a - Pain                  Necr           60%        1d7       4%          1
b - Animate Skeleton      Necr           30%        N/A       4%          1

Your spell library contained the following spells:

 Spells                   Type           Power      Damage    Failure   Level
 Vampiric Draining        Necr           15%        2d7       12%         3
 Animate Dead             Necr           7%         N/A       36%         4
 Agony                    Necr           15%        N/A       73%         5
 Chain Lightning          Conj/Air       1%         3d1       100%        9
 Fire Storm               Conj/Fire      1%         7d1       100%        9
 Shatter                  Erth           1%         3d5*      100%        9


Dungeon Overview and Level Annotations

Branches:
Dungeon (2/15)

Altars:

Shops:
D:1 ?

Annotations:
D:2 Natasha


Innate Abilities, Weirdness & Mutations

You are too large for most types of armour.
You have tough skin. (AC +1)


Message History

The worm is severely wounded.
You kill the worm!
No target in view!
i - a red potion
i - 2 red potions (gained 1)
j - a scroll labelled LUUL SIDEANG Natasha, Servant of Life and Death comes into view.
She is carrying a wand of digging (4).
Natasha is nearby!
Natasha hisses angrily.
Natasha closely misses you.
You barely miss Natasha.
Natasha casts a spell.
You closely miss Natasha. Natasha claws you. The white imp gestures at you.
The puff of frost hits you! Natasha casts a spell at you.
You feel yourself slow down.
You puncture Natasha!
Natasha is poisoned.
Natasha is heavily wounded.
The white imp completely misses you.
Natasha casts a spell.
You hit Natasha.
Natasha looks as sick as possible!
Your punch misses Natasha.
Natasha is severely wounded.
The white imp barely misses you. Natasha closely misses you.
The white imp gestures at you. The puff of frost hits you! Natasha claws you.
You are too injured to fight recklessly!
You are too injured to fight recklessly!
Unknown command.
You hit Natasha.
Natasha looks as sick as possible!
Natasha is almost dead.
The crimson imp hits you but does no damage.
The white imp gestures at you. The puff of frost hits you!
* * * LOW HITPOINT WARNING * * *
Natasha casts a spell.
The crimson imp hits you.
* * * LOW HITPOINT WARNING * * *
The white imp hits you.
You die...

..# #.
#.# #.
#.# #.
#.. #.
#.#
#.#####.#
#...5.h5#
#..####@#
#......5#
##.######
#.# #.#
####.####
#.......#
#..#.##.#
#..#.# #


You could see Natasha (extremely poisoned), 2 crimson imps and a white imp
(summoned).

Vanquished Creatures
  A worm (D:2)
  A dart slug (D:1)
  3 bats (D:1)
  3 endoplasms
  A giant cockroach (D:1)
  A goblin (D:1)
  3 hobgoblins (D:1)
  2 kobolds (D:1)
  3 quokkas (D:1)
  4 ball pythons (D:1)
  3 rats
25 creatures vanquished.

Vanquished Creatures (others)
  A fungus (D:2)
  A plant (D:2)
2 creatures vanquished.

Grand Total: 27 creatures vanquished

Notes
Turn   | Place    | Note
-------+----------+-------------------------------------------
     0 | D:1      | Nattfarinn the Ogre Necromancer began the quest for the
                  | Orb.
     0 | D:1      | Reached XP level 1. HP: 16/16 MP: 3/3
   207 | D:1      | Reached skill level 1 in Fighting
   536 | D:1      | Learned a level 1 spell: Animate Skeleton
   567 | D:1      | Reached XP level 2. HP: 28/28 MP: 5/5
   976 | D:1      | Found Acvuruca's Magic Scroll Boutique.
  1008 | D:1      | Bought a scroll of fog for 24 gold pieces
  1008 | D:1      | Bought a scroll of identify for 24 gold pieces
  1309 | D:1      | Reached XP level 3. HP: 33/37 MP: 6/6
  1635 | D:2      | Noticed Natasha
  1641 | D:2      | Slain by a white imp

Illustrated notes

Levels and vault maps discovered:
D:1:      dpeg_cavernosity, layout_loops_ring, serial_shops, shop_scrolls
D:2:      layout_loops_cross, shapermc_ecumenical_altar_rom_forum, uniq_robin,
          uniq_natasha, uniq_terence

Skill      XL: |  1  2 |
---------------+-------+-----
Fighting       | 2 3 |  3.8
Dodging        | |  1.7
Stealth        | |  1.4
Spellcasting   | |  2.4
Necromancy     | |  3.6

Action                   || total
-------------------------++-------
Melee: Hand axe          ||    36
       Punch             ||     3
       Short sword       ||    40
 Cast: Pain              ||     2
  Use: Scroll            ||     1
 Stab: Sleeping          ||     2
Armor: Robe              ||    16
Dodge: Dodged            ||    38

Table legend: (Time is in decaauts)
 A = Elapsed time spent in this place.
 B = Non-inter-level travel time spent in this place.
 C = Inter-level travel time spent in this place.
 D = Time resting spent in this place.
 E = Time spent auto-exploring this place.
 F = Levels seen in this place.
 G = Mean time per level.
                   A        B        C        D        E       F      G
               +--------+--------+--------+--------+--------+-----+--------+
         Total |   1655 |   1596 |     59 |    310 |   1096 |   2 |  827.5 |
       Dungeon |   1655 |   1596 |     59 |    310 |   1096 |   2 |  827.5 |
               +--------+--------+--------+--------+--------+-----+--------+

Top non-repeatable levels by time:
     D:1: 1590 daAuts
     D:2: 64 daAuts
